[Event "28th Tamil Nadu IM Norm 2024"]
[Site "Tamil Nadu"]
[Date "2024.09.15"]
[Round "1.1"]
[White "Sriram Adarsh Uppala"]
[Black "Podolchenko, Evgeniy"]
[Result "1/2-1/2"]
[ECO "A01"]
[WhiteElo "2333"]
[BlackElo "2338"]
[Annotator "RC"]
[PlyCount "68"]
[EventDate "2024.09.15"]
[EventCountry "IND"]
[SourceTitle "playchess.com"]
[Source "ChessBase"]
[SourceQuality "1"]
[TimeControl "5400+30"]

1. b3 e5 2. Bb2 Nc6 3. e3 Nf6 4. Nf3 e4 5. Nd4 Bc5 6. d3 Bxd4 7. exd4 d5 8. Be2 O-O 9. O-O Re8 10. dxe4 Nxe4 11. Nd2 Bf5 12. Nxe4 Bxe4 13. Qd2 Qd6 14. f3 Bg6 15. Rfe1 Nd8 16. c4 c6 17. Bf1 Ne6 18. Re5 f6 19. Re3 Nf8 20. Rxe8 Rxe8 21. cxd5 cxd5 22. Qa5 a6 23. Ba3 Qe6 24. Kh1 Bf7 25. Qc7 b5 26. Bb4 Qe3 27. Rd1 Ne6 28. Qd6 Qf2 29. Qxa6 Nf4 30. h3 Nxh3 31. Bxb5 Nf4 32. Bf1 Qh4+ 33. Kg1 Qg3 34. Bd6 Nh3+ 1/2-1/2

[Event "28th Tamil Nadu IM Norm 2024"]
[Site "Tamil Nadu"]
[Date "2024.09.15"]
[Round "1.2"]
[White "Aakash G"]
[Black "Gochelashvili, David"]
[Result "1/2-1/2"]
[ECO "A01"]
[WhiteElo "2279"]
[BlackElo "2280"]
[Annotator "RC"]
[PlyCount "114"]
[EventDate "2024.09.15"]
[EventCountry "IND"]
[SourceTitle "playchess.com"]
[Source "ChessBase"]
[SourceQuality "1"]
[TimeControl "5400+30"]

1. b3 e5 2. Bb2 Nc6 3. e3 g6 4. Bb5 Bg7 5. f4 d6 6. Nf3 Nge7 7. fxe5 O-O 8. O-O dxe5 9. Nc3 a6 10. Be2 h6 11. Qc1 f5 12. e4 Be6 13. Bc4 Bxc4 14. bxc4 f4 15. Nd5 g5 16. h3 Ng6 17. Qd1 Nd4 18. Ba3 Rf7 19. Rb1 c6 20. Nxd4 exd4 21. Nb6 Rb8 22. Qg4 d3 23. c3 Qe8 24. Bd6 Rd8 25. c5 Qxe4 26. Rfe1 Qf5 27. Qxf5 Rxf5 28. Nc4 Rd7 29. Re8+ Kh7 30. Rb8 f3 31. g4 Rff7 32. Nb6 Rde7 33. Bxe7 Rxe7 34. Rd8 Re2 35. Rxd3 Rg2+ 36. Kf1 Rh2 37. Re1 Rxh3 38. Kf2 Ne5 39. Rxe5 Bxe5 40. Nd7 Bf4 41. Nf6+ Kg6 42. Nh5 Rh2+ 43. Kxf3 Bxd2 44. Rd6+ Kf7 45. Rxh6 Bxc3 46. Rh7+ Kf8 47. Rxb7 Rxa2 48. Rc7 a5 49. Rxc6 a4 50. Ra6 a3 51. c6 Be5 52. Nf6 Bh2 53. Ra7 Rc2 54. Ke4 Rxc6 55. Kf5 Rc7 56. Rxa3 Kf7 57. Ne4 Bf4 1/2-1/2

[Event "28th Tamil Nadu IM Norm 2024"]
[Site "Tamil Nadu"]
[Date "2024.09.15"]
[Round "1.3"]
[White "Tejaswini G"]
[Black "Dhruva Thota"]
[Result "0-1"]
[ECO "E62"]
[WhiteElo "2135"]
[BlackElo "2342"]
[Annotator "TA"]
[PlyCount "112"]
[EventDate "2024.09.15"]
[EventCountry "IND"]
[SourceTitle "playchess.com"]
[Source "ChessBase"]
[SourceQuality "1"]
[TimeControl "5400+30"]

1. d4 Nf6 2. c4 g6 3. Nc3 Bg7 4. g3 O-O 5. Bg2 d6 6. h3 Nc6 7. Nf3 Bf5 8. O-O Ne4 9. Na4 Bd7 10. Ne1 f5 11. e3 e5 12. d5 Na5 13. Qc2 b5 (13... Nxc4 $1 $19 14. Qxc4 b5) 14. cxb5 Bxb5 15. Nd3 Nc4 (15... Qd7 $17 16. b3 Rfc8) 16. Rd1 $1 $15 Qd7 17. b3 Bxa4 18. Qxc4 (18. bxa4 $15 Nb6 19. Ba3) 18... Bb5 $17 19. Qc2 Nc3 $1 20. Rd2 e4 21. Nb2 (21. Nf4 $17 Ne2+ 22. Rxe2 Bxa1 23. Re1) 21... Qf7 22. a4 Ba6 23. b4 Bb7 (23... Nxd5 $17 24. Qb3 Nb6 25. Qxf7+ Rxf7) 24. Bf1 $1 $15 Bxd5 $2 (24... Kh8 $15 {keeps the upper hand.}) 25. Ra3 $18 Qf6 26. Nc4 Bxc4 27. Bxc4+ d5 {[%emt 0:00:32] [#]} (27... Kh8 $2 28. Bb2 $18) 28. Rxc3 (28. Bxd5+ Nxd5 29. Rxd5 Rf7) (28. Bb3 $1 $18 {[%cal Oc1b2][%mdl 512] aiming for Bb2!} Rad8 (28... c6 29. Bb2) 29. Bb2) 28... Qxc3 $16 29. Bxd5+ Kh8 30. Bxa8 Rxa8 31. Qxc3 Bxc3 32. Rd7 Be5 {[%emt 0:00:42] [#]} 33. Kg2 ({White should try} 33. Re7 $1 $16 Rd8 34. Rxe5 Rd1+ 35. Kg2 Rxc1 36. Ra5) 33... Kg8 $14 34. Ba3 (34. g4 $14) 34... a6 $11 35. Bc1 Rb8 36. Bd2 Rb6 37. Rd5 Bd6 38. b5 ({Better is} 38. g4 $11) 38... axb5 $15 39. axb5 Kf7 40. Ba5 ({White should play} 40. f3 $1 $15) 40... Ke6 $1 $19 41. Bxb6 (41. Rd4 $142 Rxb5 42. Ra4) 41... Kxd5 $19 42. Bd4 Bc5 43. Ba1 Kc4 44. Kf1 $2 (44. Be5 Bb6 (44... Kxb5 45. Bxc7 Kc4 46. Bb8 $11) 45. g4) 44... Kxb5 $19 45. Ke2 Kc4 46. Kd1 Kd3 47. h4 Ba3 48. Be5 c6 49. Bf6 Bd6 50. Bb2 Be7 51. Bc1 Bd8 (51... Bb4 $142 52. Bb2 c5 53. Kc1 Be1 54. Bh8 Bc3 (54... Bxf2 $2 55. Kb1 $19) 55. Bxc3 Kxc3 56. Kd1 Kd3 57. Kc1 c4 58. h5 c3 (58... gxh5 {gets mated.} 59. Kb2 c3+ 60. Kb3 c2 61. Kb4 c1=Q 62. Kb5 Qc7 63. g4 hxg4 64. f3 gxf3 65. Ka6 f2 66. Kb5 f1=Q 67. Ka4 Qa1+ 68. Kb5 Qaa5#) 59. hxg6 hxg6 60. g4 fxg4 61. Kb1 c2+ 62. Kb2 Kd2 63. Kb3 c1=Q (63... c1=B {leads to mate.} 64. Kc4 g3 65. fxg3 Kxe3 66. Kc3 Kf3 67. Kc2 e3 68. Kxc1 Kxg3 69. Kd1 Kf2 70. Kc2 e2 71. Kd3 e1=Q 72. Kc4 Qa5 73. Kd4 g5 74. Kc4 Ke3 75. Kb3 Kd3 76. Kb2 Qb4+ 77. Kc1 g4 78. Kd1 Qd2#) 64. Kb4 Qc6 65. f4 Kd3 (65... Kxe3 66. Kb3 Kd3 67. Kb2 Qc2+ 68. Ka1 Kc3 69. f5 Qb2#) (65... gxf3 66. Ka5 f2 67. Kb4 f1=Q 68. Kb3 Qcc4+ 69. Kb2 Qfc1#) 66. Ka3 Kc3 (66... Kxe3 67. Kb2 Kd3 68. Ka3 Qb5 69. f5 Kc2 70. fxg6 Qb3#) (66... g3 67. Kb4 Qb6+ 68. Ka4 Kc3 69. Ka3 Qb3#) 67. Ka2 Qb7 68. Ka3 Qb3#) 52. Ba3 Bb6 53. Bb2 c5 54. Bf6 c4 55. Bb2 c3 56. Bc1 Ba5 0-1

[Event "28th Tamil Nadu IM Norm 2024"]
[Site "Tamil Nadu"]
[Date "2024.09.15"]
[Round "1.4"]
[White "Dinesh Rajan M"]
[Black "Manik, Mikulas"]
[Result "1/2-1/2"]
[ECO "B62"]
[WhiteElo "2258"]
[BlackElo "2316"]
[Annotator "TA"]
[PlyCount "60"]
[EventDate "2024.09.15"]
[EventCountry "IND"]
[SourceTitle "playchess.com"]
[Source "ChessBase"]
[SourceQuality "1"]
[TimeControl "5400+30"]

1. e4 c5 2. Nf3 d6 3. d4 cxd4 4. Nxd4 Nf6 5. Nc3 Nc6 6. Bg5 e6 7. Bb5 Bd7 8. Qd3 h6 9. Bh4 Ne5 10. Qh3 Rc8 11. O-O-O {[%emt 0:04:36] f4 is the strong threat.} Bxb5 12. Ndxb5 ({White should play} 12. Ncxb5 $16 {[%cal Od4e6] Nxe6! would now be deadly.} Be7 13. f4 (13. Nxa7 Ra8 $11)) 12... a6 $11 13. f4 (13. Nd4 $1 $14) 13... Ng6 $1 14. Nxd6+ Bxd6 15. e5 $36 {[%emt 0:00:08][%mdl 2048] White has good play.} Nxh4 (15... Nxf4 16. Qf3 Rxc3 17. Qxf4 $14) 16. Qxh4 Rxc3 17. Rxd6 $16 Qa5 18. exf6 ({Weaker is} 18. bxc3 Ne4 19. Rd3 (19. Rd4 Nxc3 20. Kb2 Na4+ 21. Kc1 O-O $11) 19... O-O $11 (19... Qxa2 20. Qd8#) (19... Qa3+ 20. Kd1 $14)) 18... O-O 19. Rhd1 (19. bxc3 Qa3+ 20. Kb1 Qxd6 $18) 19... Rc4 20. fxg7 Rfc8 {[%emt 0:03:05] [#]} 21. Rd8+ $1 (21. Qxh6 {gets mated.} Rxc2+ 22. Kb1 Rc1+ 23. Rxc1 Qf5+) 21... Kxg7 22. Qg3+ Kf6 23. Qh4+ Kg7 24. Rxc8 Rxc8 {[%emt 0:00:03][%mdl 4096] Endgame. KQR-KQR} 25. Rd3 ({White should try} 25. Qg3+ $16 Kf8 26. Qb3) 25... Qxa2 $14 {[%emt 0:04:22] [#] Strongly threatening ...Qa1+.} 26. Rg3+ Kh7 27. Qf6 Qa1+ 28. Kd2 Qa5+ 29. c3 Qd8+ 30. Qxd8 Rxd8+ {[%emt 0:00:02] Weighted Error Value: White=0.26 (precise) /Black=0.17 (very precise) .  Mistake:       	White=3     	Black=1      Inaccurate:     	White=1     	Black=4      OK:         	White=10    	Black=5      Best:        	White=3     	Black=7      Strong:       	---       	Black=1} 1/2-1/2

[Event "28th Tamil Nadu IM Norm 2024"]
[Site "Tamil Nadu"]
[Date "2024.09.17"]
[Round "4.1"]
[White "Podolchenko, Evgeniy"]
[Black "Manik, Mikulas"]
[Result "1/2-1/2"]
[ECO "D14"]
[WhiteElo "2338"]
[BlackElo "2316"]
[Annotator "RC"]
[PlyCount "21"]
[EventDate "2024.09.15"]
[EventCountry "IND"]
[SourceTitle "playchess.com"]
[Source "ChessBase"]
[SourceQuality "1"]
[TimeControl "5400+30"]

1. d4 Nf6 2. c4 c6 3. Nc3 d5 4. cxd5 cxd5 5. Nf3 Nc6 6. Bf4 Bf5 7. Qb3 Na5 8. Qa4+ Nc6 9. Qb3 Na5 10. Qa4+ Nc6 11. Qb3 1/2-1/2

[Event "28th Tamil Nadu IM Norm 2024"]
[Site "Tamil Nadu"]
[Date "2024.09.17"]
[Round "4.2"]
[White "Dhruva Thota"]
[Black "Vahidov, Tair"]
[Result "1-0"]
[ECO "C43"]
[WhiteElo "2342"]
[BlackElo "2345"]
[Annotator "TA"]
[PlyCount "77"]
[EventDate "2024.09.15"]
[EventCountry "IND"]
[SourceTitle "playchess.com"]
[Source "ChessBase"]
[SourceQuality "1"]
[TimeControl "5400+30"]

1. e4 e5 2. Nf3 Nf6 3. d4 Nxe4 4. Bd3 d5 5. Nxe5 Nd7 6. Nc3 Nxe5 7. dxe5 Nxc3 8. bxc3 Bc5 9. O-O O-O 10. Rb1 Qh4 {[%emt 0:01:42] The position is equal.} (10... Re8 {simplifies} 11. Re1 Qh4 12. Be3 Bxe3 13. Rxe3 Rb8) 11. Qf3 b6 {[%emt 0:03:16] [#]} 12. c4 $1 c6 (12... Bd4 13. Bb2) 13. cxd5 cxd5 14. Qxd5 Be6 15. Qf3 Bxa2 16. Ra1 Be6 17. Be4 Rae8 18. Rxa7 Bg4 (18... Bc4 $11 {keeps the balance.} 19. Re1 Rxe5 20. Bxh7+ Qxh7 21. Rxe5 Bd6) 19. Qf4 $16 {[%emt 0:08:41] Black must now prevent h3. Really sharp! White is more active. White stays focused until the end.} g5 20. Qf6 $18 (20. Qxg5+ $2 Qxg5 21. Bxg5 Rxe5 22. Bxh7+ (22. h3 $2 Be6 $19) 22... Kxh7 $19) 20... Re6 21. Bxg5 $40 {[%emt 0:01:11][%mdl 128] White has strong attack.} (21. Qxg5+ $2 Qxg5 22. Bxh7+ (22. Bxg5 $2 Rxe5 23. Bxh7+ Kxh7 $19) 22... Kxh7 $19) 21... Qh5 (21... Rxf6 {was called for.} 22. Bxh4 Rf4) 22. Qf4 Bd4 23. h3 Be2 24. Re1 Bxe5 25. Qd2 Bc4 26. Re7 Rxe7 $2 (26... Bg7 27. Rxe6 Bxe6) 27. Bxe7 Re8 28. g4 ({Weaker is} 28. Qd7 Bb5 29. Qa7 (29. Qxb5 $2 Bh2+ 30. Kxh2 Qxb5 $19) 29... Qh6 $16) 28... Qxh3 29. Qg5+ Bg7 30. Bf6 Qh6 {[%emt 0:00:05] [#]} 31. Bxh7+ $1 Kxh7 32. Qxh6+ (32. Rxe8 Qxf6 (32... Bxf6 33. Qg8#) 33. Qh5+ Bh6 $19) 32... Bxh6 ({Not} 32... Kxh6 33. Bxg7+ (33. Rxe8 Bxf6 34. f4 Kg7 $17) 33... Kxg7 34. Rxe8 $18) 33. Rxe8 {[%emt 0:00:06][%mdl 4096] Endgame. KRB-KB} Kg6 34. Bd4 b5 35. Be3 Bg7 36. f4 {[%emt 0:00:45] White is clearly winning.} f5 37. g5 Kh5 38. Rd8 {[%emt 0:01:03] Against Bd5. Bd4 would now be deadly.} Kg4 39. Bd4 {[%emt 0:00:36] Weighted Error Value: White=0.16 (very precise) /Black=0.42.  Mistake:       	---       	Black=4      Inaccurate:     	---       	Black=2      OK:         	White=13    	Black=9      Best:        	White=7     	Black=4      Brilliant:      	White=1     	---} 1-0

[Event "28th Tamil Nadu IM Norm 2024"]
[Site "Tamil Nadu"]
[Date "2024.09.17"]
[Round "4.3"]
[White "Gochelashvili, David"]
[Black "Annageldyev, Orazly"]
[Result "1/2-1/2"]
[ECO "C42"]
[WhiteElo "2280"]
[BlackElo "2105"]
[Annotator "TA"]
[PlyCount "117"]
[EventDate "2024.09.15"]
[EventCountry "IND"]
[SourceTitle "playchess.com"]
[Source "ChessBase"]
[SourceQuality "1"]
[TimeControl "5400+30"]

1. e4 e5 2. Nf3 Nf6 3. Nxe5 d6 4. Nf3 Nxe4 5. Nc3 Nf6 6. d4 Be7 7. Bd3 O-O 8. h3 {[%emt 0:00:06] C42: Petroff Defence: 3 Nxe5 and unusual White 3rd moves.} Re8 9. O-O h6 10. Bf4 Be6 $146 ({Predecessor:} 10... Bf8 11. Re1 Rxe1+ 12. Qxe1 Be6 13. Qe2 Nc6 14. a3 Ne7 15. Re1 c6 16. Ne4 Nxe4 17. Qxe4 {½-½ Neiksans,A (2570)-Rakhmanov,A (2657) FIDE Grand Swiss 2021 (7)}) 11. Qd2 Bf8 12. Rfe1 Nc6 13. Bg3 Qd7 14. Bb5 a6 15. Ba4 b5 16. Bb3 Bf5 17. a4 b4 18. Nd5 Ne4 19. Qf4 Nxg3 20. fxg3 Na5 21. Nxc7 Qxc7 22. Qxf5 Nxb3 23. cxb3 g6 24. Qd5 Qc2 25. Rxe8 ({White should try} 25. Nh4 $14) 25... Rxe8 $11 26. Rf1 Re6 (26... Re3 $5) 27. Qc4 (27. Rf2 {simplifies} Qe4 28. Qa5 d5 29. Rf1) 27... Re2 28. Nd2 (28. Qxb4 $2 Rxg2+ 29. Kh1 Rxg3 $19 (29... Qxb2 $2 30. Qe1 $19)) 28... Qxc4 29. Nxc4 d5 30. Ne5 Rxb2 31. Rxf7 Rxb3 32. Ra7 Rb1+ 33. Kf2 b3 34. Rxa6 (34. Nxg6 $2 b2 35. Rb7 Ba3 $19) 34... Rd1 (34... b2 $11 {keeps the balance.} 35. Rb6 (35. Rxg6+ Bg7 $19) 35... Ba3) 35. Rxg6+ (35. Nxg6 $2 b2 (35... Rxd4 36. Ra8 $15) 36. Rb6 b1=Q (36... b1=B 37. Ke2 $11) (36... b1=R $2 37. Rxb1 Rxb1 38. Nf4 $19) 37. Rxb1 Rxb1 $19) ({Better is} 35. Rb6 $16) 35... Bg7 $14 36. Rb6 Rxd4 37. Nf3 Rd3 38. Ke2 (38. a5 $2 b2 39. Ke2 Ra3 $19) 38... Rc3 39. a5 b2 40. Rxb2 Rxf3 $1 41. gxf3 Bxb2 42. Kd3 (42. a6 $5 Bd4 $8 43. g4 $11) 42... Be5 $1 43. a6 (43. f4 $5 Bc7 $8 44. a6 $15) 43... Bb8 $1 44. Kd4 Bxg3 45. Kxd5 Bf2 46. Ke6 Kf8 47. h4 Be3 48. Kf6 Bb6 49. Kg6 Be3 50. Kf6 Bd4+ 51. Kg6 Be3 52. Kh7 Kf7 53. h5 Ba7 54. Kxh6 Be3+ 55. Kh7 Bd4 56. f4 Be3 57. h6 Bd4 ({And not} 57... Bxf4 58. a7 Kf6 59. a8=Q (59. a8=B Bg5 $11) 59... Be5 60. Qe4 (60. Qf8+ Ke6 61. Qd8 Kf7 62. Qb6 Bf6 63. Qb3+ Ke7 64. Kg6 Bh8) 60... Ke6 61. Kg6 (61. Qxe5+ Kxe5 62. Kg6 Ke6 63. h7 Kd5 64. h8=Q Kc4 65. Qh3 Kc5 66. Qc3+ Kd6) 61... Kd6 62. Qc4 (62. Qxe5+ Kxe5 63. h7 Ke4 64. h8=Q Kd5 65. Qb2 Kc5 66. Qc3+ Kd6)) 58. f5 Ba7 59. f6 1/2-1/2

[Event "28th Tamil Nadu IM Norm 2024"]
[Site "Tamil Nadu"]
[Date "2024.09.17"]
[Round "4.4"]
[White "Sriram Adarsh Uppala"]
[Black "Dinesh Rajan M"]
[Result "1-0"]
[ECO "A07"]
[WhiteElo "2333"]
[BlackElo "2258"]
[Annotator "TA"]
[PlyCount "117"]
[EventDate "2024.09.15"]
[EventCountry "IND"]
[SourceTitle "playchess.com"]
[Source "ChessBase"]
[SourceQuality "1"]
[TimeControl "5400+30"]

1. b3 d5 2. Bb2 Nf6 3. Nf3 Bf5 4. g3 e6 5. Bg2 Nbd7 6. O-O c6 7. d3 Qc7 8. Nbd2 Be7 9. Re1 {[%emt 0:03:04] White is slightly better.} O-O 10. Nh4 Bg4 11. h3 Bh5 12. g4 Bg6 13. e3 Ne8 14. Nxg6 hxg6 15. c4 Rd8 16. Qc2 Bf6 17. d4 dxc4 18. Nxc4 c5 19. Rac1 cxd4 20. exd4 (20. Ba3 {seems wilder.} Nc5 21. exd4 Rxd4 22. Ne5) 20... Bg5 21. Ne3 Qb8 22. Qe2 Nef6 23. Qb5 Nd5 24. Bxd5 $16 exd5 25. Qxd5 Bf4 26. Qf3 {[%emt 0:03:45] White has more active pieces.} Nf6 27. Rcd1 b5 {[%emt 0:05:29] Repels Nc4} 28. Nc2 (28. d5 $16) 28... Nd5 $14 29. Ba3 b4 {[%emt 0:01:21] [#]} (29... Bd6 $1 $14) 30. Bxb4 $1 Nxb4 31. Nxb4 {[%emt 0:00:44] Black must now prevent Nc6.} Bh2+ 32. Kg2 Qxb4 33. Kxh2 Rxd4 34. Rxd4 Qxd4 $16 {[%emt 0:00:05][%mdl 4096] Endgame. KQR-KQR} 35. Kg2 Qd6 36. Re4 Rc8 37. h4 (37. Ra4 $142) 37... Qd8 38. g5 ({White should try} 38. Kh3 $16) 38... Rc1 39. Ra4 Qd7 40. Rc4 (40. Rb4 $1 $16) 40... Re1 41. a4 (41. Rb4 $14) 41... Rd1 42. Rf4 {[%emt 0:06:30][%cal Of4f7] Hoping for Rxf7!} (42. Rc7 $5 Qxc7 43. Qxd1 $11) 42... Rd5 43. b4 a6 44. a5 Rd3 45. Rxf7 Qd4 (45... Qd6 $1 $11 46. Qb7 Qe6) 46. Rf4 $1 $18 Qd7 {[%emt 0:00:07] [#]} 47. Qg4 Qd5+ {[%emt 0:00:04] [#]} (47... Qb7+ {was called for.} 48. Kh2 Qb8) 48. Re4 $1 Kh7 49. h5 Rd4 (49... Rd2 $142 50. hxg6+ Kxg6) 50. hxg6+ Kxg6 51. f3 Qa2+ 52. Kh3 Rxe4 53. fxe4 {[%emt 0:00:06] KQ-KQ} (53. Qxe4+ $142 Kxg5 54. Qe5+ Kh6 55. Qd6+ Kh5 56. Qxa6) 53... Qb1 $2 (53... Qa1 54. Qf5+ Kh5) 54. Qf5+ Kh5 55. Qh7+ Kxg5 {[%emt 0:00:01] ( -> ...Qh1+)} 56. Qxg7+ Kf4 57. Qg3+ {[%emt 0:00:10] White mates.} Kxe4 58. Qg6+ Kd4 59. Qxb1 {[%emt 0:00:05] Weighted Error Value: White=0.29 (precise) /Black=0.37.  Loses game:     	---       	Black=1      Mistake:       	White=6     	Black=5      Inaccurate:     	White=6     	Black=4      OK:         	White=9     	Black=13     Best:        	White=3     	Black=5      Strong:       	White=2     	---} 1-0

[Event "28th Tamil Nadu IM Norm 2024"]
[Site "Tamil Nadu"]
[Date "2024.09.17"]
[Round "4.5"]
[White "Aakash G"]
[Black "Tejaswini G"]
[Result "0-1"]
[ECO "E73"]
[WhiteElo "2279"]
[BlackElo "2135"]
[Annotator "TA"]
[PlyCount "68"]
[EventDate "2024.09.15"]
[EventCountry "IND"]
[SourceTitle "playchess.com"]
[Source "ChessBase"]
[SourceQuality "1"]
[TimeControl "5400+30"]

1. d4 Nf6 2. c4 g6 3. Nc3 Bg7 4. e4 d6 5. Be2 O-O 6. h4 h5 7. Bg5 Nc6 8. Nf3 Bg4 9. d5 Nb8 {[%emt 0:04:37] White is slightly better.} 10. Nh2 Bxe2 11. Qxe2 Nbd7 12. g4 c6 13. gxh5 Nxh5 14. Ng4 Ndf6 (14... Bxc3+ $15 15. bxc3 Rc8) 15. Rg1 ({White should play} 15. Bxf6 $14 Nxf6 16. Nxf6+ Bxf6 17. O-O-O) 15... Nxg4 16. Qxg4 Qa5 17. Bd2 Qb4 18. Nd1 (18. Qe2 $17) 18... Qxc4 $19 19. Rc1 Qd3 (19... Qxa2 $19 20. Bc3 cxd5 21. Bxg7 Nxg7 (21... Kxg7 22. Qxh5 Rac8 23. Rxc8 $11)) 20. Bc3 $17 cxd5 21. Bxg7 {[%emt 0:08:00] This costs White the game.} (21. Qxh5 $17 {only move.} d4 (21... gxh5 $2 {perishes.} 22. Rxg7+ Kh8 23. Rg3+ $18) (21... Qxc3+ 22. Rxc3 gxh5 23. Rcg3 $18) 22. Qe2 (22. Qd5 $2 e6 $19) 22... Qxe2+ 23. Kxe2 dxc3 24. Nxc3) 21... Nxg7 $19 ({Not} 21... Kxg7 22. Qxh5 Qxe4+ 23. Ne3 $11) 22. Nc3 dxe4 23. Rg3 {[%emt 0:02:41] [#]} e3 $1 24. Rxe3 (24. fxe3 Qf5) 24... Qf5 25. Qg2 e6 {[%emt 0:02:58] Dodges Nd5} 26. Qxb7 d5 27. Nb5 $2 {[%emt 0:04:19] [#]} (27. Ne2) 27... Qg4 {[%emt 0:02:08] Black is clearly winning.} 28. Qc6 Nf5 29. Ra3 Rab8 30. Qc5 Qe4+ 31. Kd1 a6 32. f3 Qf4 33. Rxa6 Qxf3+ 34. Kd2 Qf4+ {[%emt 0:00:59] Weighted Error Value: White=0.75/Black=0.15 (very precise) .  Mistake:       	White=4     	Black=2      Inaccurate:     	White=2     	---        OK:         	White=4     	Black=9      Best:        	---       	Black=3} 0-1

[Event "28th Tamil Nadu IM Norm 2024"]
[Site "Tamil Nadu"]
[Date "2024.09.18"]
[Round "5.1"]
[White "Tejaswini G"]
[Black "Podolchenko, Evgeniy"]
[Result "1/2-1/2"]
[ECO "D06"]
[WhiteElo "2135"]
[BlackElo "2338"]
[Annotator "TA"]
[PlyCount "84"]
[EventDate "2024.09.15"]
[EventCountry "IND"]
[SourceTitle "playchess.com"]
[Source "ChessBase"]
[SourceQuality "1"]
[TimeControl "5400+30"]

1. d4 d5 2. c4 c5 3. dxc5 Nf6 4. Nf3 Nc6 5. cxd5 Qxd5 6. Qxd5 Nxd5 7. a3 {[%emt 0:00:56] Inhibits Ndb4.} e5 8. e3 {[%emt 0:04:52] White has an edge.} Bxc5 9. b4 Bb6 10. Nbd2 f6 11. Bc4 Be6 12. Bb2 Ke7 13. Ke2 Rhd8 14. Rac1 Rac8 15. Bd3 g6 16. Bb1 a6 17. Ne4 a5 18. b5 Na7 19. a4 Nb4 (19... Rxc1 {simplifies} 20. Rxc1 Rc8 21. Ba2 Rxc1 22. Bxc1 f5) 20. Nfd2 {[%emt 0:01:44] Prevents Bb3} Rxc1 21. Rxc1 Rc8 22. Rxc8 (22. Rd1 $14) 22... Nxc8 $11 23. h3 h6 24. g4 f5 25. gxf5 gxf5 26. Ng3 e4 27. Bg7 (27. Be5 $11) 27... Bc7 $1 $15 28. Nh5 Nb6 29. f3 exf3+ 30. Nxf3 Nxa4 {[%emt 0:00:19] ...Nd5 is the strong threat.} 31. Kd2 (31. Nh4 $1 $11) 31... Nb6 $17 32. Nd4 Nc4+ 33. Ke2 a4 (33... Nd6 $17 34. Ng3 Bc4+ 35. Kf3 f4 (35... Bxb5 36. Nxb5 Nxb5 37. Nxf5+ Kf7 38. Ba1 $11) (35... Nxb5 36. Ngxf5+ Kf7 37. Nxb5 $17) 36. Ngf5+ Nxf5 37. Nxf5+ Kf7) 34. Bf8+ $1 $11 Kxf8 35. Nxe6+ Ke7 36. Nxc7 a3 37. Ng7 (37. Bxf5 $2 a2 38. Be6 a1=Q $19 (38... a1=B $2 39. Bxc4 Kd6 40. Ne6 $18)) 37... Kd7 38. Nce6 (38. Bxf5+ $2 {loses.} Kxc7 39. Ne6+ Kb6 $19) 38... a2 $1 {[%emt 0:00:57] [#]} 39. Bxa2 Nxa2 40. Nc5+ Kc7 $1 41. Nxf5 Kb6 42. Nxb7 Kxb7 {[%emt 0:00:40] Weighted Error Value: White=0.11 (very precise) /Black=0.10 (very precise) .  Mistake:       	White=3     	Black=1      Inaccurate:     	White=4     	Black=5      OK:         	White=15    	Black=12     Best:        	White=1     	Black=6      Strong:       	White=1     	Black=3} 1/2-1/2

[Event "28th Tamil Nadu IM Norm 2024"]
[Site "Tamil Nadu"]
[Date "2024.09.18"]
[Round "5.2"]
[White "Dinesh Rajan M"]
[Black "Aakash G"]
[Result "0-1"]
[ECO "B50"]
[WhiteElo "2258"]
[BlackElo "2279"]
[Annotator "TA"]
[PlyCount "126"]
[EventDate "2024.09.15"]
[EventCountry "IND"]
[SourceTitle "playchess.com"]
[Source "ChessBase"]
[SourceQuality "1"]
[TimeControl "5400+30"]

1. e4 c5 2. Nf3 d6 3. c3 Nf6 4. Be2 Nc6 5. d4 cxd4 6. cxd4 d5 7. e5 Ne4 8. O-O Bg4 {[%emt 0:01:11] B50: Sicilian: 2...d6, Miscellaneous.} 9. Kh1 f6 $146 ({Predecessor:} 9... e6 10. Ng1 Bxe2 11. Nxe2 f6 12. f3 Ng5 13. Nbc3 fxe5 14. f4 exd4 15. Nxd4 Nxd4 16. Qxd4 {½-½ Becerra Rivero,J (2447)-Sinha,S (2327) Charlotte Super op 2023 (8)}) 10. Ng1 Bxe2 11. Nxe2 fxe5 12. f3 Nf6 13. dxe5 Nxe5 14. Nd4 Rc8 15. Nc3 Nc4 16. Ne6 Qd7 17. Re1 Kf7 18. b3 Nd6 19. Bb2 Nb5 20. Nxb5 Qxb5 21. Qd4 Qb6 22. Qe5 h6 23. Rad1 Qd6 24. Qe3 Rc6 25. Qxa7 Qd7 26. Nc5 Qc8 27. Rc1 (27. Nxb7 $2 Rc7 $17) 27... Rc7 (27... e5 $142 28. Nd3 (28. Nxb7 Kg6 $18) (28. Qxb7+ Qxb7 29. Nxb7 Rxc1 $16) 28... Bd6 29. Rxc6 (29. Nxe5+ Bxe5 30. Rxc6 Qxc6 $18) (29. Bxe5 Bb8 $18) 29... Qxc6 30. Bxe5 (30. Nxe5+ Bxe5 31. Rxe5 Qc2 $18) 30... Re8 31. Bxd6 Rxe1+ 32. Nxe1 Qxd6 33. Qxb7+ Kg8 34. Qc8+ Kh7) 28. Qb6 d4 29. Nd3 (29. Bxd4 Nd5 30. Qb5 e6 $14) 29... Nd5 $2 (29... Rxc1 30. Rxc1 Qe6 31. Qxb7 (31. Bxd4 Qxb6 32. Bxb6 g5 $18) (31. Qxd4 Kg8 $18) 31... Qf5) 30. Ne5+ Kg8 31. Qg6 Nc3 32. Qf7+ Kh7 33. Bxc3 dxc3 34. Ng4 (34. Qg6+ $142 Kg8 35. h3 (35. Qf7+ Kh7 $18)) 34... Rc6 $18 35. Rc2 Qd8 (35... b5 {was called for.} 36. b4 e5 (36... Rg8 37. g3 $18)) 36. Ne5 $18 Rd6 37. Qf5+ $2 (37. Rxc3 $18 {and White stays clearly on top. And now h4 would win.} Rg8 38. h4) 37... g6 $16 38. Qe4 Re6 39. Rxc3 (39. Qc4 $2 Rxe5 40. Qxc3 (40. Qf7+ $2 Bg7 $19) 40... Bg7 (40... Rxe1+ $2 41. Qxe1 Bg7 42. h4 $19) 41. Rxe5 Bxe5 $19) 39... Bg7 40. f4 Rf8 $1 41. h3 (41. Qxb7 $2 Rxf4 42. Rcc1 Rxe5 $19) 41... Qa5 (41... Qd2 $14 {deserves consideration.} 42. Rce3 Bxe5 43. fxe5 Qxa2) 42. Rf3 $2 {[%emt 0:01:36][%mdl 8192] [#]} (42. Rce3 $16 {and life is bright.}) 42... Rxf4 $1 $19 (42... Qxa2 43. Qxb7 Qd2 44. Ref1 $15) (42... Bxe5 43. Re2 $16) 43. Rxf4 Rxe5 (43... Bxe5 $2 44. Rf3 $18) 44. b4 Qc7 (44... Qxa2 45. Qb1 Rxe1+ 46. Qxe1 $16) 45. Rf7 Rxe4 46. Rxe4 Qc1+ 47. Kh2 e5 48. Rxe5 $2 {[%emt 0:01:30] [#]} (48. Rf2) 48... Kg8 $1 $19 49. Ree7 Be5+ 50. g3 Qb2+ 51. Kg1 Bd4+ 52. Kf1 Qb1+ 53. Ke2 Qc2+ 54. Kf3 Qc6+ 55. Kf4 b6 56. Rb7 Qd5 57. a4 Qe5+ 58. Kf3 Qe3+ 59. Kg2 Be5 60. Rfe7 Qe2+ 61. Kh1 Qf3+ 62. Kg1 Bd4+ (62... Bxg3 $2 {loses.} 63. Re8+ $18 (63. Rxb6 $2 {gets mated.} Qf2+ 64. Kh1 Qh2#) (63. Rxb6 $2 {leads to mate.} Qf2+ 64. Kh1 Qh2#)) 63. Kh2 Qf2+ 0-1